 Dungeon Crawl Stone Soup version 0.15.0-31-geb66e34 (webtiles) character file.

175253 MDvedh the Impaler (level 17, 0/142 HPs)
             Began as a Merfolk Death Knight on Sept 14, 2014.
             Was a High Priest of Yredelemnul.
             Slain by an azure jelly (35 damage)
             ... created by the royal jelly
             ... on Level 6 of the Pits of Slime.
             The game lasted 01:36:30 (32134 turns).

MDvedh the Impaler (Merfolk Death Knight)          Turns: 32134, Time: 01:36:31

HP   0/142       AC  9     Str 25      XL: 17   Next: 46%
MP  26/31        EV 30     Int 12      God: Yredelemnul [*****.]
Gold 2879        SH  0     Dex 27      Spells:  0 memorised, 16 levels left

rFire  . . .     SeeInvis .     w - +1 halberd (vamp)
rCold  . . .     Clarity  +     R - +4 scale mail
rNeg   + . .     rCorr    +     (no shield)
rPois  +         rRot     .     B - +2 helmet
rElec  .         Spirit   .     S - +2 cloak {rPois}
SustAb .         Warding  .     z - +2 pair of gloves {Dex+3}
rMut   .         Stasis   .     h - +2 pair of boots {+Jump}
Gourm  .                        A - amulet of resist corrosion
MR     +....                    q - ring of the Octopus King {rN+ AC+1 EV+1 Str+1 Dex+1 Int+1}
                                G - +4 ring of strength

@: mighty, agile, corroded equipment, wreathed by umbra, somewhat resistant to
hostile enchantments, unstealthy
A: change form in water, swift swim, clarity
a: Animate Dead, Recall Undead Slaves, Injury Mirror, Drain Life, Enslave Soul,
Renounce Religion, Evoke Jump Attack
}: 2/15 runes: barnacled, gossamer


You were on level 6 of the Pits of Slime.
You worshipped Yredelemnul.
Yredelemnul was extremely pleased with you.
You were not hungry.

You visited 6 branches of the dungeon, and saw 43 of its levels.
You also visited: Labyrinth and Ossuary.

You collected 3142 gold pieces.
You spent 263 gold pieces at shops.

Inventory:

Hand weapons
 w - a +1 vampiric halberd (weapon)
 E - a +0 glaive of chopping
Armour
 h - a +2 pair of boots of jumping (worn)
 z - a +2 pair of gloves of dexterity (worn)
 B - a +2 helmet (worn)
 R - a +4 scale mail (worn)
 S - a +2 cloak of poison resistance (worn)
Magical devices
 b - a wand of disintegration (10)
 D - a wand of magic darts (4)
 J - a wand of digging (8)
Comestibles
 c - 8 bread rations
 m - 7 meat rations
 n - 5 slices of pizza
 K - a beef jerky
 L - 10 fruits
 X - 13 royal jellies
Scrolls
 a - 7 scrolls of amnesia
 o - 9 scrolls of remove curse
 s - 8 scrolls of teleportation
 x - 11 scrolls of recharging
 y - a scroll of summoning
 F - 5 scrolls of identify
 I - 11 scrolls of enchant armour
 M - 5 scrolls of enchant weapon
 O - 2 scrolls of vulnerability
 P - 4 scrolls of magic mapping
 Q - a scroll of blinking
 Z - a scroll of fear
Jewellery
 g - an uncursed ring of protection from cold
 i - an uncursed ring of see invisible
 j - an uncursed ring of protection from fire
 q - a ring of the Octopus King (right hand) {rN+ AC+1 EV+1 Str+1 Dex+1 Int+1}
   (You found it on level 6 of the Lair of Beasts)

   [ring of positive energy]

   It affects your AC (+1).
   It affects your evasion (+1).
   It affects your strength (+1).
   It affects your intelligence (+1).
   It affects your dexterity (+1).
   It protects you from negative energy.
 A - an amulet of resist corrosion (around neck)
 G - a +4 ring of strength (left hand)
 T - an uncursed ring of flight
 W - an uncursed amulet of resist mutation
Potions
 d - 2 potions of agility
 e - 2 potions of magic
 f - 4 potions of restore abilities
 k - 10 potions of curing
 l - 5 potions of haste
 p - 2 potions of invisibility
 r - a potion of resistance
 t - 2 potions of cancellation
 u - 3 potions of flight
 v - 3 potions of brilliance
 C - 6 potions of heal wounds
 H - 3 potions of might
 N - 4 potions of cure mutation


   Skills:
 + Level 15.0 Fighting
 - Level 17.1 Polearms
 * Level 15.0 Armour
 - Level 13.4 Dodging
 - Level 12.0 Invocations


You had 16 spell levels left.
You didn't know any spells.

Dungeon Overview and Level Annotations

Branches:
Dungeon (15/15)            Temple (0/1) D:6             Orc (4/4) D:9
    Elf (0/3) Orc:3          Lair (8/8) D:8          Shoals (5/5) Lair:6
 Spider (5/5) Lair:3        Slime (6/6) Lair:8       Vaults (0/5) D:14
 Depths (0/5) D:15

Altars:
Dithmenos
Elyvilon
Nemelex Xobeh
Okawaru
Trog
Vehumet
Beogh
Jiyva

Shops:
D:6 (   Orc:4 [(:*[

Annotations:
D:3 Sigmund
Slime:6 Royal Jelly


Innate Abilities, Weirdness & Mutations

You revert to your normal form in water.
You are very nimble and swift while swimming.
You possess an exceptional clarity of mind.


Message History

The death ooze hits your skeletal warrior!!
Your ghoul hits the acid blob!
The acid blob rots!
The acid blob rots!
Your ghoul claws the acid blob!
Unknown command.
You impale the royal jelly!!
You feel better.
The royal jelly is severely wounded.
The royal jelly shudders.
The royal jelly spits out another jelly.
Your profane servitor hits the azure jelly with a glowing whip.
Your profane servitor hits the azure jelly with a glowing whip!
The royal jelly hits you!
* * * LOW HITPOINT WARNING * * *
You are splashed with acid!
The acid burns!
You resist.
* * * LOW HITPOINT WARNING * * *
The royal jelly misses you. The azure jelly misses you.
The azure jelly hits you.
* * * LOW HITPOINT WARNING * * *
The azure jelly freezes you!!
You die...
Your body rises from the dead as a mindless zombie.

##J# ##.... #Vn#
###........ #J##
##........... #J.#
#.............
###.#####..............
.#...#..#...............
...............J........
..............JJJ........
.........J.J..JJ@.......#
.........J....JJn.......#
..............zA.....##.
.............J..<....#
..................####
.................#
.................#
..............###
.............#


You could see the royal jelly (rotting), 3 acid blobs, 2 azure jellies, 3 slime
creatures, 3 death oozes, a friendly profane servitor, a friendly ghoul and a
friendly skeletal warrior.

Vanquished Creatures
  5 acid blobs
  A ghost moth (Spider:5)
  3 azure jellies (Slime:6)
  2 emperor scorpions (Spider:4)
  A merfolk javelineer (Shoals:5)
  A death ooze (Slime:6)
  A minotaur (Lab)
  A great orb of eyes (Slime:6)
  A yaktaur captain (D:15)
  An ice dragon (D:12)
  A centaur warrior (D:15)
  A siren (Shoals:2)
  A merfolk aquamancer (Shoals:5)
  8 death yaks
  An orb spider (Spider:1)
  A skeletal warrior (D:15)
  A sea snake (Shoals:3)
  Pikel (D:4)
  2 griffons
  6 wolf spiders
  A wizard (D:11)
  4 manticores
  An orc sorcerer (Orc:4)
  A shining eye (Slime:5)
  2 water nymphs
  4 ugly things (D:15)
  4 harpies (Shoals:5)
  3 orc knights (Orc:4)
  A cyclops (Shoals:5)
  8 elephants
  2 mermaids
  An eye of devastation (Slime:6)
  2 feature mimics
  A drowned soul (Shoals:2)
  A red wasp (Spider:5)
  2 black mambas
  Psyche (D:10)
  A kobold demonologist (D:12)
  2 spiny frogs
  A gargoyle (D:13)
  A yaktaur (D:15)
  2 demonic crawlers
  A hydra zombie (D:12)
  Grinder (D:6)
  8 merfolk
  A blue devil (Orc:4)
  A wind drake (Shoals:2)
  8 trolls
  Prince Ribbit (D:4)
  5 jumping spiders
  A queen bee (Spider:2)
  A snapping turtle (Shoals:2)
  A hydra skeleton (D:15)
  10 slime creatures
  A basilisk (Lair:2)
  5 tarantellas
  19 yaks
  10 redbacks
  A ynoxinul (D:12)
  7 trapdoor spiders
  2 hungry ghosts
  A wyvern (D:9)
  A hill giant zombie (D:11)
  Eustachio (D:5)
  A steam dragon (D:13)
  6 wolves (Lair:8)
  4 vampire mosquitoes (D:14)
  The ghost of tabstorm the Insei, an average DrAM (D:5)
  2 golden eyes (Slime:2)
  2 humans (D:6)
  8 hippogriffs
  An elf skeleton (D:15)
  3 wargs (Orc:2)
  8 water moccasins
  4 spiders
  6 porcupines
  A mottled dragon (D:14)
  15 orc warriors
  3 sky beasts
  7 ice beasts (D:12)
  7 ogres
  2 slaves (D:5)
  3 black bears
  A yellow wasp (D:14)
  2 phantoms
  11 centaurs
  A brain worm (Spider:4)
  8 crocodiles
  A boring beetle (Spider:5)
  2 big kobolds
  10 giant frogs
  5 elf zombies (Ossuary)
  3 scorpions
  A wyvern skeleton (D:11)
  14 killer bees
  3 eyes of draining
  7 electric eels
  4 wights
  6 centaur zombies
  4 goliath beetles
  3 human zombies (Ossuary)
  7 crimson imps
  5 jellies
  Crazy Yiuf (D:4)
  A giant frog zombie (D:8)
  18 orc priests
  9 hounds
  A giant frog skeleton (D:10)
  3 iguanas
  24 orc wizards
  A quasit (D:12)
  6 worker ants
  12 sheep
  An ogre zombie (Orc:4)
  Ijyb (D:5)
  An ogre skeleton (D:8)
  Terence (D:3)
  A hound skeleton (D:4)
  3 gnolls
  3 mummies (Ossuary)
  19 adders
  A giant mite (D:4)
  13 green rats
  A shadow imp (D:9)
  A white imp (Spider:5)
  2 worms
  An ufetubus (D:12)
  2 giant geckos
  An ooze (D:2)
  87 orcs
  2 ball pythons (D:4)
  5 giant cockroaches
  17 goblins
  20 hobgoblins
  5 jackals
  29 kobolds
  14 quokkas
  20 bats
  7 giant newts
  A giant spore (D:13)
  An orc skeleton (D:10)
  An orc zombie (D:10)
  14 rats
  7 ballistomycetes
  A plant (D:10)
714 creatures vanquished.

Vanquished Creatures (collateral kills)
  Arachne (Spider:5)
  6 acid blobs (Slime:6)
  Polyphemus (Shoals:4)
  3 azure jellies
  Wiglaf (Shoals:4)
  A frost giant (D:12)
  A ghost moth (Spider:4)
  An orc warlord (Orc:4)
  Aizul (Shoals:1)
  4 emperor scorpions
  4 merfolk javelineers (Shoals:5)
  4 death oozes
  2 great orbs of eyes
  8 merfolk impalers
  4 hydras
  2 merfolk aquamancers (Shoals:5)
  Erica (Lair:2)
  A siren (Shoals:5)
  2 dancing weapons (D:14)
  8 death yaks
  An alligator snapping turtle (Shoals:5)
  A centaur warrior (D:14)
  A deep troll shaman (Lair:8)
  2 catoblepae
  10 orb spiders
  3 skeletal warriors (D:15)
  A sea snake (Shoals:4)
  An ice statue (D:12)
  An unseen horror (D:11)
  3 harpies (Shoals:5)
  3 griffons
  An orc knight (Orc:1)
  13 wolf spiders
  5 red wasps
  9 manticores
  3 ugly things
  5 cyclopes
  A moth of wrath (Spider:5)
  2 shining eyes
  4 orc sorcerers
  6 elephants
  A water nymph (Shoals:3)
  3 black mambas
  A smoke demon (Orc:4)
  4 demonic crawlers
  A gargoyle (D:15)
  7 mermaids
  8 spiny frogs
  A centaur skeleton (D:15)
  A redback zombie (Spider:5)
  A kobold demonologist (D:12)
  2 fire drakes
  A red devil (Orc:4)
  2 wandering mushrooms (D:8)
  5 komodo dragons
  A polar bear (Lair:8)
  14 jumping spiders
  A two-headed ogre (D:13)
  3 trolls
  20 merfolk
  A queen bee (Orc:1)
  2 blue devils (D:12)
  7 blink frogs
  3 boulder beetles
  17 slime creatures
  18 trapdoor spiders
  6 snapping turtles
  21 redbacks
  18 tarantellas
  3 basilisks
  8 water elementals
  A griffon skeleton (D:13)
  14 yaks
  2 hungry ghosts
  4 hippogriffs
  2 wargs
  A hill giant skeleton (D:10)
  5 porcupines
  8 water moccasins
  19 orc warriors
  3 sky beasts
  14 spiders
  A yellow wasp (D:11)
  5 ogres
  A manticore zombie (D:12)
  A black bear (Lair:8)
  3 big kobolds
  14 sheep
  9 ice beasts
  6 crocodiles
  6 centaurs
  10 giant frogs
  A cyclops zombie (D:12)
  A komodo dragon skeleton (D:14)
  24 killer bees
  A wyvern skeleton (D:12)
  2 scorpions
  3 wights
  9 crimson imps
  9 electric eels
  A goliath beetle (D:9)
  5 jellies
  A quasit (D:12)
  2 hounds
  14 orc priests
  16 orc wizards
  2 iguanas
  A two-headed ogre skeleton (D:12)
  2 worker ants
  An ogre skeleton (D:4)
  4 adders
  32 green rats
  12 white imps
  2 shadow imps
  3 ufetubi (D:12)
  78 orcs
  3 bats
  A giant cockroach (D:8)
  2 goblins
  A hobgoblin (Orc:1)
  12 kobolds
  4 quokkas
  A kobold zombie (D:12)
  2 orc zombies
  5 rats
  2 ballistomycetes (D:13)
  7 fungi
  14 plants
722 creatures vanquished.

Vanquished Creatures (others)
  A bone dragon (Slime:6)
  A profane servitor (Shoals:5)
  5 ghouls
  A death cob (Shoals:4)
  2 skeletal warriors
  An ice devil (Orc:4)
  3 flayed ghosts
  3 wolf spider zombies (Spider:5)
  A spectral orc (D:12)
  4 phantasmal warriors
  3 drowned souls (Shoals:2)
  4 death yak zombies (Lair:8)
  3 redback zombies (Spider:5)
  A spectral water nymph (Shoals:5)
  2 harpy zombies (Shoals:5)
  A trapdoor spider zombie (Spider:5)
  A red wasp zombie (Spider:5)
  A tarantella zombie (Spider:5)
  3 jumping spider zombies (Spider:5)
  7 vampires
  17 flying skulls
  2 wraiths
  A golden eye (Slime:2)
  3 merfolk zombies (Shoals:5)
  An orb spider zombie (Spider:2)
  3 elephant zombies (Lair:8)
  A manticore zombie (Shoals:5)
  A crocodile (Lair:8)
  2 elf skeletons (Lair:8)
  A spider zombie (Spider:5)
  A hippogriff zombie (Shoals:5)
  4 yak zombies (Lair:8)
  A wight (D:8)
  A troll zombie (D:11)
  2 wolf zombies (Lair:8)
  An electric eel (D:12)
  A centaur zombie (D:5)
  A black bear zombie (Lair:8)
  A human skeleton (Lair:8)
  2 killer bee zombies (Orc:1)
  A big kobold zombie (D:12)
  A human zombie (D:5)
  3 hound zombies
  A worker ant zombie (D:12)
  An adder (D:5)
  A sheep zombie (Shoals:5)
  2 adder zombies
  2 electric eel zombies (Lair:5)
  An iguana zombie (D:4)
  An orc (Orc:4)
  A hobgoblin (D:10)
  A giant spore (D:12)
  A green rat zombie (Lair:8)
  A hobgoblin zombie (D:11)
  3 kobold zombies (D:8)
  23 orc zombies
  2 fungi
141 creatures vanquished.

Grand Total: 1577 creatures vanquished

Notes
Turn   | Place    | Note
--------------------------------------------------------------
     0 | D:1      | MDvedh, the Merfolk Death Knight, began the quest for the Orb.
     0 | D:1      | Reached XP level 1. HP: 16/16 MP: 2/2
   130 | D:1      | Reached skill level 4 in Polearms
   130 | D:1      | Reached XP level 2. HP: 19/22 MP: 3/3
   339 | D:1      | Found a sparkling altar of Nemelex Xobeh.
   391 | D:1      | Reached skill level 5 in Polearms
   391 | D:1      | Reached XP level 3. HP: 18/27 MP: 5/5
   897 | D:2      | Acquired Yredelemnul's second power
  1278 | D:2      | Reached skill level 6 in Polearms
  1356 | D:2      | Reached XP level 4. HP: 26/33 MP: 6/6
  2295 | D:2      | Reached skill level 7 in Polearms
  2495 | D:2      | Reached XP level 5. HP: 20/38 MP: 8/8
  3009 | D:3      | Reached skill level 8 in Polearms
  3095 | D:3      | Found a shadowy altar of Dithmenos.
  3271 | D:3      | Acquired Yredelemnul's third power
  3457 | D:3      | Noticed Terence
  3480 | D:3      | Killed Terence
  3622 | D:3      | Noticed Sigmund
  3910 | D:4      | Reached XP level 6. HP: 41/44 MP: 9/9
  3933 | D:4      | Reached skill level 9 in Polearms
  4200 | D:4      | Noticed a phantom
  4843 | D:4      | Noticed Crazy Yiuf
  4861 | D:4      | Killed Crazy Yiuf
  4861 | D:4      | Reached skill level 10 in Polearms
  5031 | D:4      | Noticed Prince Ribbit
  5050 | D:4      | Killed Prince Ribbit
  5050 | D:4      | Reached skill level 11 in Polearms
  5050 | D:4      | Reached XP level 7. HP: 19/50 MP: 9/11
  5257 | D:4      | Noticed an ogre
  5273 | D:4      | Killed an ogre
  5426 | D:5      | Entered Level 5 of the Dungeon
  5435 | D:5      | Noticed Eustachio
  5455 | D:5      | Killed Eustachio
  5455 | D:5      | Reached skill level 12 in Polearms
  5749 | D:5      | Noticed Pikel
  5845 | D:4      | Killed Pikel
  5845 | D:4      | Reached skill level 13 in Polearms
  5845 | D:4      | Reached XP level 8. HP: 30/56 MP: 12/12
  5992 | D:5      | Noticed Ijyb
  6016 | D:5      | Killed Ijyb
  6244 | D:5      | Noticed tabstorm's ghost (average DrAM)
  6269 | D:5      | Killed tabstorm's ghost
  6321 | D:5      | Reached skill level 14 in Polearms
  6494 | D:5      | Acquired Yredelemnul's fourth power
  6673 | D:6      | Found a bloodstained altar of Trog.
  6771 | D:5      | Reached skill level 15 in Polearms
  6771 | D:5      | Reached XP level 9. HP: 25/61 MP: 0/14
  7102 | D:6      | Found Venotaywn's Antique Weapon Shoppe.
  7181 | D:6      | Reached skill level 16 in Polearms
  7239 | D:6      | Found a staircase to the Ecumenical Temple.
  7241 | D:6      | Noticed Grinder
  7255 | D:6      | Killed Grinder
  7640 | D:6      | Reached skill level 17 in Polearms
  7655 | D:6      | Received a gift from Yredelemnul
  7933 | D:7      | Found a radiant altar of Vehumet.
  7990 | D:7      | Received a gift from Yredelemnul
  8271 | D:7      | Reached XP level 10. HP: 67/67 MP: 16/18
  8587 | D:7      | Reached skill level 5 in Dodging
  8587 | D:7      | Reached skill level 5 in Invocations
  8981 | D:8      | Found a staircase to the Lair.
  9030 | D:8      | Received a gift from Yredelemnul
  9296 | D:8      | Found a white marble altar of Elyvilon.
  9302 | D:8      | Found a sparkling altar of Nemelex Xobeh.
  9345 | D:8      | Found a sand-covered staircase.
  9362 | Ossuary  | Entered an ossuary
  9827 | Ossuary  | Gained mutation: You possess an exceptional clarity of mind. [potion of beneficial mutation]
  9828 | Ossuary  | Gained mutation: You are agile. (Dex +2) [potion of beneficial mutation]
 10310 | Lair:1   | Entered Level 1 of the Lair of Beasts
 11190 | Lair:1   | Reached XP level 11. HP: 66/72 MP: 23/23
 11680 | Lair:2   | Received a gift from Yredelemnul
 11786 | Lair:2   | Reached skill level 10 in Dodging
 11791 | Lair:2   | Noticed Erica
 11797 | Lair:2   | Killed Erica
 12095 | Lair:3   | Found a hole to the Spider Nest.
 12423 | Lair:3   | Received a gift from Yredelemnul
 13108 | Lair:4   | Acquired Yredelemnul's fifth power
 13144 | Lair:4   | Reached skill level 10 in Invocations
 13155 | Lair:4   | Found a labyrinth entrance.
 13169 | Lair:4   | Found a hole to the Spider Nest.
 13195 | Lair:4   | the hole to the Spider Nest was a mimic.
 13516 | Lab      | Entered a labyrinth
 13841 | Lab      | Noticed a minotaur
 13851 | Lab      | Killed a minotaur
 13871 | Lab      | Got a distressingly furry chain mail
 13897 | Lair:4   | Identified the +0 chain mail of Loss {SInv} (You found it in a labyrinth)
 14107 | Lair:5   | Received a gift from Yredelemnul
 14130 | Lair:5   | Found a hole to the Spider Nest.
 14158 | Lair:5   | the hole to the Spider Nest was a mimic.
 14161 | Lair:5   | Reached XP level 12. HP: 78/78 MP: 26/26
 14441 | Lair:5   | Identified a scroll of acquirement
 14442 | Lair:5   | Got a steaming buckler
 14530 | Lair:5   | Noticed a four-headed hydra
 14536 | Lair:5   | Killed a five-headed hydra
 14776 | Lair:5   | Reached skill level 1 in Armour
 15211 | Lair:6   | Noticed a death yak
 15211 | Lair:6   | Noticed a death yak
 15220 | Lair:6   | Killed a death yak
 15227 | Lair:6   | Received a gift from Yredelemnul
 15235 | Lair:6   | Killed a death yak
 15405 | Lair:6   | Found a staircase to the Shoals.
 15599 | Lair:6   | Got a ring of the Octopus King
 15689 | Lair:6   | Identified a ring of the Octopus King {rN+ AC+1 EV+1 Str+1 Dex+1 Int+1} (You found it on level 6 of the Lair of Beasts)
 16007 | Lair:7   | Received a gift from Yredelemnul
 16106 | Lair:7   | Received a gift from Yredelemnul
 16260 | Lair:7   | Reached skill level 5 in Fighting
 16447 | Lair:7   | Found an iron altar of Okawaru.
 16455 | Lair:7   | Reached skill level 5 in Armour
 16563 | Lair:8   | Entered Level 8 of the Lair of Beasts
 16740 | Lair:8   | Noticed a death yak
 16741 | Lair:8   | Noticed a death yak
 16741 | Lair:8   | Noticed a death yak
 16742 | Lair:8   | Noticed a death yak
 16743 | Lair:8   | Noticed a death yak
 16747 | Lair:8   | Killed a death yak
 16747 | Lair:8   | Reached XP level 13. HP: 92/92 MP: 28/28
 16754 | Lair:8   | Killed a death yak
 16760 | Lair:8   | Killed a death yak
 16771 | Lair:8   | Killed a death yak
 16781 | Lair:8   | Killed a death yak
 16821 | Lair:8   | Noticed a six-headed hydra
 16828 | Lair:8   | Killed a six-headed hydra
 16842 | Lair:8   | Found a staircase to the Slime Pits.
 16843 | Lair:8   | Found a viscous altar of Jiyva.
 16989 | Lair:8   | Received a gift from Yredelemnul
 17212 | Lair:8   | Noticed a death yak
 17213 | Lair:8   | Noticed a death yak
 17219 | Lair:8   | Killed a death yak
 17222 | Lair:8   | Noticed a death yak
 17231 | Lair:8   | Killed a death yak
 17234 | Lair:8   | Noticed a death yak
 17234 | Lair:8   | Noticed a death yak
 17235 | Lair:8   | Noticed a death yak
 17237 | Lair:8   | Killed a death yak
 17392 | Lair:8   | Killed a death yak
 17415 | Lair:8   | Killed a death yak
 17448 | Lair:8   | Killed a death yak
 17685 | Lair:8   | Noticed a four-headed hydra
 17685 | Lair:8   | Noticed a deep troll shaman
 17692 | Lair:8   | Killed a deep troll shaman
 17706 | Lair:8   | Killed a 13-headed hydra
 17707 | Lair:8   | Received a gift from Yredelemnul
 18786 | D:9      | Received a gift from Yredelemnul
 18987 | D:9      | Found a staircase to the Orcish Mines.
 19003 | D:9      | Found a roughly hewn altar of Beogh.
 19075 | Orc:1    | Entered Level 1 of the Orcish Mines
 19453 | Orc:1    | Received a gift from Yredelemnul
 19840 | Orc:2    | Received a gift from Yredelemnul
 19920 | Orc:2    | Reached XP level 14. HP: 106/106 MP: 29/29
 20082 | Orc:3    | Found a staircase to the Elven Halls.
 20675 | Orc:4    | Entered Level 4 of the Orcish Mines
 20690 | Orc:4    | Found Mnuy's Antique Armour Shop.
 20706 | Orc:4    | Bought a pair of embroidered boots for 94 gold pieces
 20718 | Orc:4    | Bought a pair of embroidered gloves for 94 gold pieces
 20743 | Orc:4    | Received a gift from Yredelemnul
 20809 | Orc:4    | Noticed an orc warlord
 20813 | Orc:4    | Found a roughly hewn altar of Beogh.
 20819 | Orc:4    | Killed an orc warlord
 20830 | Orc:4    | Received a gift from Yredelemnul
 21216 | Orc:4    | Found Niam's General Store.
 21251 | Orc:4    | Bought a scroll of identify for 30 gold pieces
 21251 | Orc:4    | Bought a scroll of remove curse for 45 gold pieces
 21262 | Orc:4    | Found Ocefer's Book Shoppe.
 21456 | Orc:4    | Received a gift from Yredelemnul
 21821 | Orc:4    | Found Ysoho's Antique Weapon Shoppe.
 21937 | Orc:4    | Found Juengum's Antique Armour Shoppe.
 22030 | D:10     | Entered Level 10 of the Dungeon
 22319 | D:10     | Noticed Psyche
 22331 | D:10     | Received a gift from Yredelemnul
 22338 | D:10     | Killed Psyche
 22955 | D:11     | Received a gift from Yredelemnul
 23220 | D:11     | Reached skill level 10 in Fighting
 23612 | D:12     | Reached skill level 10 in Armour
 24048 | D:12     | Received a gift from Yredelemnul
 24058 | D:12     | Noticed a frost giant
 24075 | D:12     | Killed a frost giant
 24894 | D:13     | Found a viscous altar of Jiyva.
 24917 | D:13     | Received a gift from Yredelemnul
 25549 | D:14     | Found a gate to the Vaults.
 25778 | D:14     | Received a gift from Yredelemnul
 26049 | D:14     | Reached XP level 15. HP: 118/118 MP: 30/30
 26118 | D:15     | Entered Level 15 of the Dungeon
 26285 | D:15     | Found a staircase to the Depths.
 26295 | D:15     | Received a gift from Yredelemnul
 27176 | Shoals:1 | Entered Level 1 of the Shoals
 27176 | Shoals:1 | Noticed Aizul
 27184 | Shoals:1 | Killed Aizul
 27194 | Shoals:1 | Received a gift from Yredelemnul
 27269 | Shoals:2 | Noticed Asterion
 27273 | Shoals:2 | Noticed a spectral weapon
 27283 | Shoals:2 | Killed Asterion
 27283 | Shoals:2 | Enslaved Asterion
 27342 | Shoals:3 | Your ally Asterion died
 27408 | Shoals:4 | Noticed Polyphemus
 27412 | Shoals:4 | Received a gift from Yredelemnul
 27421 | Shoals:4 | Killed Polyphemus
 27516 | Shoals:4 | Noticed Wiglaf
 27534 | Shoals:4 | Killed Wiglaf
 27827 | Shoals:5 | Entered Level 5 of the Shoals
 27842 | Shoals:5 | Received a gift from Yredelemnul
 28098 | Shoals:5 | Received a gift from Yredelemnul
 28277 | Shoals:5 | Reached XP level 16. HP: 44/129 MP: 18/31
 28278 | Shoals:5 | Received a gift from Yredelemnul
 28279 | Shoals:5 | Got a barnacled rune of Zot
 28890 | Spider:1 | Entered Level 1 of the Spider Nest
 29506 | Spider:4 | Got a smelly chain mail
 29507 | Spider:4 | Identified the +0 chain mail of Context {Str-3 Int+3} (You found it on level 4 of the Spider Nest)
 29633 | Spider:5 | Entered Level 5 of the Spider Nest
 29648 | Spider:5 | Received a gift from Yredelemnul
 29937 | Spider:5 | Noticed Arachne
 29947 | Spider:5 | Killed Arachne
 30073 | Spider:5 | Found a frozen archway.
 30118 | Spider:5 | Got a slimy chain mail
 30119 | Spider:5 | Identified the cursed -2 chain mail of Rufineif {MR+ SInv} (You found it on level 5 of the Spider Nest)
 30195 | Spider:5 | Received a gift from Yredelemnul
 30305 | Spider:5 | Received a gift from Yredelemnul
 30343 | Spider:5 | Got a gossamer rune of Zot
 30368 | Spider:5 | Received a gift from Yredelemnul
 30790 | Slime:1  | Entered Level 1 of the Pits of Slime
 30793 | Slime:1  | Noticed an acid blob
 30794 | Slime:1  | Noticed an acid blob
 30807 | Lair:8   | Killed an acid blob
 30834 | Slime:1  | Killed an acid blob
 30834 | Slime:1  | Reached XP level 17. HP: 118/140 MP: 31/31
 30912 | Slime:2  | Found a viscous altar of Jiyva.
 30974 | Slime:2  | Received a gift from Yredelemnul
 31327 | Slime:4  | Lost mutation: You are agile. (Dex +2) [a shining eye]
 31352 | Slime:4  | Received a gift from Yredelemnul
 31696 | Slime:6  | Entered Level 6 of the Pits of Slime
 31734 | Slime:6  | Found a viscous altar of Jiyva.
 31739 | Slime:6  | Noticed the royal jelly
 31774 | Slime:6  | Reached skill level 15 in Fighting
 31776 | Slime:6  | Reached skill level 15 in Armour
 32134 | Slime:6  | Slain by an azure jelly

Action                   |  1- 3 |  4- 6 |  7- 9 | 10-12 | 13-15 | 16-18 || total
-------------------------+-------+-------+-------+-------+-------+-------++-------
Melee: Spear             |   185 |   337 |   195 |       |       |       ||   717
       Halberd           |       |       |   170 |   805 |  1511 |   616 ||  3102
Invok: Animate Dead      |       |     3 |    17 |    24 |    58 |    16 ||   118
       Recall Undead Sla |       |     3 |     2 |    17 |    25 |    21 ||    68
       Drain Life        |       |       |     2 |     1 |    17 |    18 ||    38
       Injury Mirror     |       |       |       |     1 |       |       ||     1
       Enslave Soul      |       |       |       |       |     3 |       ||     3
Evoke: Wand              |       |       |     1 |     3 |     5 |       ||     9
  Use: Scroll            |       |     9 |     4 |    16 |    16 |     3 ||    48
       Potion            |       |       |       |     2 |       |     4 ||     6
 Stab: Distracted        |       |       |     4 |    15 |    32 |    14 ||    65
       Confused          |       |       |       |       |     4 |       ||     4
       Petrified         |       |       |       |       |     1 |       ||     1
       Held in net/web   |       |       |       |       |       |     1 ||     1
  Eat: Chunk             |     7 |    15 |    13 |    27 |    35 |     1 ||    98
       Beef jerky        |       |       |       |     2 |     5 |       ||     7
       Bread ration      |       |       |       |       |       |     5 ||     5
